 Dungeon Crawl Stone Soup version 0.19.5 (webtiles) character file.

175 Peloso the Shield-Bearer (level 5, -3/51 HPs)
             Began as a Minotaur Fighter on Apr 29, 2017.
             Slain by a kobold
             ... wielding a +0 short sword
              (5 damage)
             ... while paralysed by Grinder
             ... on level 3 of the Dungeon.
             The game lasted 00:03:51 (1400 turns).

Peloso the Shield-Bearer (Minotaur Fighter)         Turns: 1400, Time: 00:03:52

Health: -3/51      AC: 11    Str: 24    XL:     5   Next: 29%
Magic:  4/4        EV:  2    Int:  7    God:
Gold:   145        SH:  0    Dex: 11    Spells: 0 memorised, 4 levels left

rFire  . . .     SeeInvis .     a - +0 long sword
rCold  . . .     Gourm    .     b - +0 scale mail
rNeg   . . .     Faith    .     c - +0 shield
rPois  .         Spirit   .     (helmet restricted)
rElec  .         Reflect  .     (no cloak)
rCorr  .         Harm     .     (no gloves)
MR     .....     Rnd*Rage +     (no boots)
Stlth  ..........               (no amulet)
                                k - +4 ring of strength
                                i - +4 ring of protection

@: paralysed, exhausted, slowed
A: retaliatory headbutt, horns 2, berserk 1, clever 1, robust 1
a: no special abilities


You were on level 3 of the Dungeon.
You were hungry.

You visited 1 branch of the dungeon, and saw 3 of its levels.

You collected 145 gold pieces.

Inventory:

Hand Weapons
 a - a +0 long sword (weapon)
Armour
 b - a +0 scale mail (worn)
 c - a +0 shield (worn)
Jewellery
 i - a +4 ring of protection (left hand)
 k - a +4 ring of strength (right hand)
Scrolls
 e - 3 scrolls of identify {unknown}
Potions
 d - a potion of might
 h - 2 potions of curing
 l - a potion of degeneration {unknown}
Comestibles
 f - 3 bread rations
 g - a royal jelly
 j - 2 slices of pizza
 m - a meat ration


   Skills:
 + Level 4.4 Fighting
 + Level 3.8 Long Blades
 + Level 4.7 Armour
 + Level 1.0 Dodging
 + Level 4.9 Shields


You had 4 spell levels left.
You didn't know any spells.

Dungeon Overview and Level Annotations

Branches:
Dungeon (3/15)

Altars:

Annotations:
D:3 Grinder


Innate Abilities, Weirdness & Mutations

You reflexively headbutt those who attack you in melee.
You have a pair of horns on your head.
You tend to lose your temper in combat.
Your mind is acute. (Int +2)
You are robust. (+10% HP)


Message History

Unknown command.
You slash the gnoll!
You kill the gnoll!
The gnoll hits you but does no damage. You block the kobold's attack.
The gnoll hits you from afar with a halberd.
You block the kobold's attack. You block the gnoll's attack.
Grinder gestures at you.
You suddenly lose the ability to move!
A giant cockroach comes into view.
The gnoll hits you from afar with a halberd!
The kobold hits you but does no damage. Grinder gestures at you.
Pain shoots through your body!
* * * LOW HITPOINT WARNING * * *
The gnoll hits you but does no damage.
A giant cockroach comes into view.
The gnoll hits you from afar with a halberd!
* * * LOW HITPOINT WARNING * * *
The kobold hits you with a short sword.
You die...

#.....##.......#
#.#
#..(.....##....#
#.#
#..........#....#
#.#
#....#..###.#....#
....###..#
#.#....# #...
#...# #.#....# #.#
#.... ##$.<..# #.
#.... ##.)..#
#.... #.@g.#
##5K.# #..g..s
...s.### ..#..#
#..##.. #.## .##
#. .#


You could see Grinder, 2 gnolls, 2 giant cockroaches and a kobold.

Vanquished Creatures
  Ijyb (D:2)
  A gnoll (D:3)
  6 adders (D:2)
  2 oozes
  3 worms
  A dart slug (D:3)
  3 leopard geckos
  4 orcs (D:3)
  9 bats
  2 giant cockroaches (D:2)
  4 goblins
  9 hobgoblins
  7 jackals
  6 frilled lizards
  3 kobolds
  5 rats
66 creatures vanquished.

Notes
Turn   | Place    | Note
-------+----------+-------------------------------------------
     0 | D:1      | Peloso the Minotaur Fighter began the quest for the Orb.
     0 | D:1      | Reached XP level 1. HP: 19/19 MP: 0/0
   136 | D:1      | Reached XP level 2. HP: 20/27 MP: 1/1
   467 | D:1      | Gained mutation: You are robust. (+10% HP) [potion of mutation]
   467 | D:1      | Gained mutation: Your mind is acute. (Int +2) [potion of mutation]
   467 | D:1      | Gained mutation: You tend to lose your temper in combat. [potion of mutation]
   582 | D:2      | Reached XP level 3. HP: 22/36 MP: 2/2
   818 | D:2      | Reached XP level 4. HP: 44/44 MP: 3/3
  1024 | D:2      | Noticed Ijyb
  1032 | D:2      | Killed Ijyb
  1269 | D:3      | Reached XP level 5. HP: 50/51 MP: 4/4
  1307 | D:3      | Reached skill level 1 in Dodging
  1390 | D:3      | Noticed Grinder
  1398 | D:3      | Paralysed by Grinder for 5 turns
  1400 | D:3      | HP: 2/51 [gnoll/halberd (12)]
  1400 | D:3      | Slain by a kobold

Skill      XL: |  1  2  3  4  5 |
---------------+----------------+-----
Armour         | 4 |  4.7
Shields        | 4 |  4.9
Fighting       | 4 |  4.4
Long Blades    | 3 |  3.8
Dodging        | 1 |  1.0

Action                   |  1- 3 |  4- 6 || total
-------------------------+-------+-------++-------
Melee: Long sword        |    74 |    75 ||   149
       Headbutt          |    11 |    15 ||    26
  Use: Potion            |     3 |       ||     3
  Eat: Chunk             |       |     1 ||     1
Armor: Scale mail        |    18 |    38 ||    56
Dodge: Dodged            |    21 |    28 ||    49
Block: Shield            |    45 |    59 ||   104
       Rpst.: Long sword |     5 |     7 ||    12
